 Dungeon Crawl Stone Soup version 0.21.1-1-g345015fe64 (webtiles) character file.

17720 Rrauwl the Severer (level 12, -1/172 HPs)
             Began as a Hill Orc Monk on Feb 6, 2018.
             Was a High Priest of the Shining One.
             Slain by a black mamba (4 damage)
             ... on level 1 of the Lair of Beasts.
             The game lasted 00:43:55 (13071 turns).

Rrauwl the Severer (Hill Orc Monk)                 Turns: 13071, Time: 00:43:56

Health: -1/172     AC: 26    Str: 18    XL:     12   Next: 51%
Magic:  3/19       EV:  2    Int: 10    God:    the Shining One [*****.]
Gold:   1060       SH:  0    Dex: 14    Spells: 11/11 levels left

rFire    + . .     SeeInvis .   a - +5 battleaxe
rCold    . . .     Gourm    +   (shield currently unavailable)
rNeg     + + +     Faith    .   (armour currently unavailable)
rPois    +         Spirit   .   (helmet currently unavailable)
rElec    .         Reflect  .   (cloak currently unavailable)
rCorr    .         Harm     .   (gloves currently unavailable)
MR       ++...     NoTele   +   (boots currently unavailable)
Stlth    +.........             q - amulet of the gourmand
HPRegen  0.38/turn              d - ring of protection from magic
MPRegen  0.16/turn              f - ring of protection from fire

@: tree-form, glowing
A: magic resistance 1
a: Divine Shield, Cleansing Flame, Summon Divine Warrior, Renounce Religion


You were on level 1 of the Lair of Beasts.
You worshipped the Shining One.
The Shining One was extremely pleased with you.
You were completely stuffed.
You were a tree.
You visited 3 branches of the dungeon, and saw 12 of its levels.

You collected 1060 gold pieces.

Inventory:

Hand Weapons
 a - a +5 battleaxe (weapon)
 c - a +3 dire flail of freezing
Missiles
 j - 97 bolts
Armour
 h - a scarf of spirit shield (melded)
 s - the +1 ring mail of Absolutism (melded) {Regen+ rCorr}
   (You found it on level 5 of the Dungeon)

   It increases your rate of regeneration.
   It protects you from acid and corrosion.
 B - a +2 hat of see invisible (melded)
Jewellery
 d - a ring of protection from magic (left branch)
 f - a ring of protection from fire (right branch)
 l - an uncursed ring of flight
 q - an amulet of the gourmand (around neck)
Wands
 o - a wand of disintegration (38)
 t - a wand of enslavement (13)
 v - a wand of paralysis (16)
 w - a wand of digging (9)
 y - a wand of polymorph (26)
Scrolls
 i - 6 scrolls of identify
 n - 2 scrolls of magic mapping
 p - 2 scrolls of enchant armour
 r - 3 scrolls of remove curse
 u - a scroll of fog
 x - a scroll of teleportation
 C - a scroll of enchant weapon
Potions
 k - a potion of magic
 m - a potion of curing
 z - a potion of berserk rage
 A - a potion of haste
Miscellaneous
 F - a lightning rod (4/4)
Comestibles
 e - 17 rations


   Skills:
 - Level 13.0 Fighting
 + Level 16.0 Axes
 - Level 8.0 Armour
 - Level 3.0 Dodging
 - Level 2.0 Stealth
 - Level 10.0 Invocations
 - Level 3.0 Evocations


You had 11 spell levels left.
You didn't know any spells.

Dungeon Overview and Level Annotations

Branches:
Dungeon (10/15)            Temple (1/1) D:7            Lair (1/6) D:8
    Orc (0/2) D:10

Altars:
Ashenzari
Cheibriados
Dithmenos
Elyvilon
Fedhas
Gozag
Hepliaklqana
Kikubaaqudgha
Makhleb
Nemelex Xobeh
Okawaru
Qazlal
Ru
Sif Muna
Trog
Uskayaw
Vehumet
Wu Jian
Xom
Yredelemnul
Zin
The Shining One

Annotations:
D:3 Thargor's ghost, weakling MiFi


Innate Abilities, Weirdness & Mutations

((You have large cloven feet.))
You are resistant to hostile enchantments. (MR+)


Message History

The +1 ring mail of Absolutism {Regen+ rCorr} melds into your body.
You feel strangely alone.
You feel less perceptive.
Your roots penetrate the ground.
* * * LOW HITPOINT WARNING * * *
You feel very sick.
The black mamba bites you but does no damage. x2
The eight-headed hydra bites you but does no damage. x4
The eight-headed hydra bites you.
* * * LOW HITPOINT WARNING * * *
The eight-headed hydra bites you but does no damage. x3
You feel better. The black mamba bites you!
* * * LOW HITPOINT WARNING * * *
The eight-headed hydra bites you but does no damage. x3
The eight-headed hydra bites you.
* * * LOW HITPOINT WARNING * * *
The eight-headed hydra bites you.
* * * LOW HITPOINT WARNING * * *
The eight-headed hydra bites you but does no damage. x3
The black mamba bites you.
You die...

##.# ## #.....## #..# ##.
#.....P #.## ##.. #..... #.#
######... .### #...#
###.####........
...P###...###P..............
.........#..................
..(.......D...###.#.........
..........S♣......###.......
...##.#...#...+.....#.......
# #...###........#......
#...# #.....8....##[.. #...#
###..[.....###.. #......
##..........#. ##.....#
#.###...8..### #.......
#............#.
##.....#...........÷....


You could see an eight-headed hydra and a black mamba.

Vanquished Creatures
  Gastronok (D:9)
  3 two-headed ogres
  3 death yaks
  Pikel (D:9)
  The ghost of tensugalgo the Carver, a novice BaFi (D:6)
  A cyclops (D:9)
  A gargoyle (D:9)
  A centaur skeleton (D:10)
  Prince Ribbit (D:6)
  2 blink frogs (Lair:1)
  The ghost of Anaz the Cudgeler, an amateur HuSk (D:5)
  3 hippogriffs
  A spriggan (D:8)
  A wyvern (Lair:1)
  15 yaks
  A hungry ghost (D:9)
  A water moccasin (Lair:1)
  A porcupine (Lair:1)
  5 sky beasts
  6 orc warriors
  3 slaves (D:9)
  2 black bears
  3 ice beasts
  A phantom (D:8)
  An eye of draining (D:10)
  4 centaurs
  A crocodile (D:8)
  Blork the orc (D:4)
  2 gnoll sergeants
  8 bullfrogs
  A wyvern skeleton (D:6)
  4 scorpions
  10 killer bees (D:9)
  24 wights
  An electric eel (Lair:1)
  A crimson imp (D:10)
  2 howler monkeys
  2 quasits
  Crazy Yiuf (D:7)
  2 centaur zombies (D:9)
  3 hounds
  12 orc priests
  12 orc wizards
  A jelly (D:9)
  4 bullfrog skeletons
  Jessica (D:2)
  Ijyb (D:5)
  4 iguanas
  5 worker ants
  2 killer bee zombies
  A hound zombie (D:10)
  2 hound skeletons
  A mummy (D:6)
  A worker ant zombie (D:10)
  14 adders
  15 gnolls
  3 howler monkey skeletons
  2 shadow imps
  A worker ant simulacrum (D:9)
  An ooze (D:2)
  3 adder skeletons
  3 worms
  A dart slug (D:3)
  9 leopard geckos
  46 orcs
  7 giant cockroaches
  6 hobgoblins
  18 jackals
  5 quokkas
  2 ball pythons
  9 bats
  3 frilled lizards
  A giant cockroach zombie (D:5)
  10 goblins
  A jackal skeleton (D:5)
  A jackal zombie (D:5)
  8 kobolds
  A quokka skeleton (D:9)
  6 rats
  A fungus (Lair:1)
  2 plants (Lair:1)
353 creatures vanquished.

Vanquished Creatures (others)
  A slave (D:9)
  A plant (Lair:1)
2 creatures vanquished.

Grand Total: 355 creatures vanquished

Notes
Turn   | Place    | Note
-------+----------+-------------------------------------------
     0 | D:1      | Rrauwl the Hill Orc Monk began the quest for the Orb.
     0 | D:1      | Reached XP level 1. HP: 19/19 MP: 1/1
   173 | D:1      | Reached XP level 2. HP: 27/27 MP: 2/2
   569 | D:1      | Reached XP level 3. HP: 29/33 MP: 3/3
   828 | D:2      | Found a shadowy altar of Dithmenos.
  1254 | D:2      | Reached XP level 4. HP: 37/40 MP: 4/4
  1309 | D:2      | Reached skill level 1 in Armour
  1461 | D:2      | Found an opulent altar of Gozag.
  1869 | D:3      | Noticed Jessica
  1875 | D:2      | Killed Jessica
  1875 | D:2      | Reached skill level 5 in Axes
  1902 | D:3      | Reached XP level 5. HP: 42/47 MP: 5/5
  2266 | D:3      | Noticed Thargor's ghost (weakling MiFi)
  3249 | D:4      | Noticed Blork the orc
  3266 | D:4      | Killed Blork the orc
  3266 | D:4      | Reached skill level 5 in Fighting
  3266 | D:4      | Reached XP level 6. HP: 14/56 MP: 6/6
  3813 | D:4      | Reached skill level 6 in Axes
  4843 | D:4      | Found a blossoming altar of Fedhas.
  4983 | D:4      | Reached XP level 7. HP: 59/63 MP: 4/7
  5266 | D:5      | Entered Level 5 of the Dungeon
  5424 | D:5      | Got a crude ring mail
  5435 | D:5      | Identified the +1 ring mail of Absolutism {Regen+ rCorr} (You found it on level 5 of the Dungeon)
  5487 | D:5      | Noticed Ijyb
  5515 | D:5      | Reached skill level 7 in Axes
  5656 | D:5      | Killed Ijyb
  5894 | D:5      | Reached skill level 5 in Armour
  5894 | D:5      | Reached XP level 8. HP: 65/73 MP: 5/8
  5997 | D:5      | Noticed Anaz's ghost (amateur HuSk)
  6027 | D:5      | Killed Anaz's ghost
  6027 | D:5      | Reached skill level 8 in Axes
  6643 | D:6      | Noticed tensugalgo's ghost (novice BaFi)
  6664 | D:6      | Killed tensugalgo's ghost
  6664 | D:6      | Reached skill level 9 in Axes
  6664 | D:6      | Reached XP level 9. HP: 45/82 MP: 5/9
  6762 | D:6      | Noticed Prince Ribbit
  6975 | D:6      | Killed Prince Ribbit
  7034 | D:6      | Reached skill level 10 in Axes
  7376 | D:6      | Found a snail-covered altar of Cheibriados.
  8163 | D:7      | Reached skill level 10 in Fighting
  8350 | D:7      | Reached skill level 11 in Axes
  8350 | D:7      | Reached XP level 10. HP: 89/93 MP: 10/10
  8408 | D:7      | Found a runed door.
  8412 | D:7      | Noticed Crazy Yiuf
  8414 | D:7      | Paralysed by Crazy Yiuf for 3 turns
  8419 | D:7      | Killed Crazy Yiuf
  8550 | D:7      | Found a staircase to the Ecumenical Temple.
  8567 | Temple   | Entered the Ecumenical Temple
  8603 | Temple   | Became a worshipper of the Shining One
  8603 | Temple   | Reached * piety under the Shining One
  8603 | Temple   | Reached ** piety under the Shining One
  9144 | D:8      | Reached skill level 1 in Invocations
  9233 | D:8      | Gained mutation: You have large cloven feet. [potion of mutation]
  9233 | D:8      | Gained mutation: You have hoof-like feet. [potion of mutation]
  9233 | D:8      | Lost mutation: You have hoof-like feet. [potion of mutation]
  9233 | D:8      | Gained mutation: You are resistant to hostile enchantments. (MR+) [potion of mutation]
  9591 | D:8      | Found a staircase to the Lair.
  9591 | D:8      | Noticed a death yak
  9591 | D:8      | Noticed a death yak
  9592 | D:8      | Noticed a death yak
  9616 | D:8      | Killed a death yak
  9616 | D:8      | Reached skill level 12 in Axes
  9622 | D:8      | Noticed a death yak
  9628 | D:8      | Noticed a death yak
  9630 | D:8      | Killed a death yak
  9630 | D:8      | Reached skill level 5 in Invocations
  9632 | D:8      | Noticed a death yak
  9669 | D:7      | Killed a death yak
  9797 | D:8      | Reached XP level 11. HP: 98/104 MP: 13/15
  9945 | D:8      | Noticed a two-headed ogre
  9960 | D:8      | Killed a two-headed ogre
  9960 | D:8      | Reached skill level 13 in Axes
 10223 | D:9      | Noticed a cyclops
 10226 | D:9      | Noticed a two-headed ogre
 10226 | D:9      | Reached *** piety under the Shining One
 10262 | D:9      | Noticed Pikel
 10300 | D:9      | Killed Pikel
 10474 | D:9      | Noticed Gastronok
 10503 | D:9      | Killed Gastronok
 10853 | D:9      | Reached skill level 1 in Evocations
 10896 | D:9      | Reached **** piety under the Shining One
 11054 | D:9      | Found a basalt altar of Yredelemnul.
 11111 | D:9      | The Shining One protects you from harm!
 11112 | D:9      | Killed a two-headed ogre
 11112 | D:9      | Reached skill level 14 in Axes
 11115 | D:9      | HP: 4/107 [orc warrior/war axe (8)]
 11318 | D:9      | Killed a cyclops
 11345 | D:9      | Reached XP level 12. HP: 91/115 MP: 15/18
 11399 | D:10     | Entered Level 10 of the Dungeon
 11531 | D:10     | Noticed a two-headed ogre
 11544 | D:10     | Killed a two-headed ogre
 11887 | D:10     | Reached skill level 10 in Invocations
 11911 | D:10     | Reached ***** piety under the Shining One
 12012 | D:10     | Found a staircase to the Orcish Mines.
 12506 | Lair:1   | Entered Level 1 of the Lair of Beasts
 12512 | Lair:1   | Found a white marble altar of Elyvilon.
 12543 | Lair:1   | Reached skill level 15 in Axes
 12971 | Lair:1   | Reached skill level 16 in Axes
 13058 | Lair:1   | Noticed a seven-headed hydra
 13071 | Lair:1   | HP: 8/172 [black mamba (8)]
 13071 | Lair:1   | HP: 3/172 [eight-headed hydra (4)]
 13071 | Lair:1   | Slain by a black mamba

Skill      XL: |  1  2  3  4  5  6  7  8  9 10 11 12 |
---------------+-------------------------------------+-----
Fighting       | 4 5 6 7 8 10 11 13 | 13.0
Stealth        | 2 |  2.0
Armour         | 1 2 3 5 6 8 |  8.0
Dodging        | 3 |  3.0
Axes           | 5 6 7 9 11 12 14 16 | 16.0
Invocations    | 5 9 10 | 10.0
Evocations     | 2 3 |  3.0

Action                   |  1- 3 |  4- 6 |  7- 9 | 10-12 || total
-------------------------+-------+-------+-------+-------++-------
Melee: Hand axe          |   127 |   348 |    64 |   228 ||   767
       Whip              |       |    16 |       |       ||    16
       War axe           |       |       |   401 |       ||   401
       Morningstar       |       |       |     4 |       ||     4
       Kick              |       |       |       |   105 ||   105
       Battleaxe         |       |       |       |   260 ||   260
Invok: Divine Shield     |       |       |       |     1 ||     1
Evoke: Wand              |       |       |     5 |     2 ||     7
  Use: Scroll            |     1 |     8 |     3 |     4 ||    16
       Potion            |     1 |     3 |     5 |     9 ||    18
 Stab: Sleeping          |     1 |       |     2 |       ||     3
  Eat: Chunk             |     1 |    22 |    13 |    18 ||    54
Armor: Robe              |     9 |       |       |       ||     9
       Chain mail        |    19 |   188 |    38 |       ||   245
       Ring mail         |       |       |   145 |   104 ||   249
       Skin              |       |       |       |    53 ||    53
Dodge: Dodged            |    78 |   142 |   246 |   219 ||   685
Block: Other             |       |       |       |     3 ||     3
